 Dungeon Crawl Stone Soup version 0.21-a0-531-gacddea6 (webtiles) character file.

127 slep the Chopper (level 4, -2/34 HPs)
             Began as a Demonspawn Gladiator on Dec 12, 2017.
             Was an Initiate of Okawaru.
             Slain by a gnoll
             ... wielding a +0 whip
              (4 damage)
             ... on level 3 of the Dungeon.
             The game lasted 00:06:38 (2023 turns).

slep the Chopper (Demonspawn Gladiator)             Turns: 2023, Time: 00:06:39

Health: -2/34      AC:  5    Str: 14    XL:     4   Next: 85%
Magic:  4/4        EV: 13    Int: 10    God:    Okawaru [......]
Gold:   147        SH:  0    Dex: 13    Spells: 3/3 levels left

rFire    . . .     SeeInvis .   a - +0 war axe
rCold    . . .     Gourm    .   (no shield)
rNeg     . . .     Faith    .   b - +0 leather armour
rPois    .         Spirit   .   (helmet restricted)
rElec    .         Reflect  .   (no cloak)
rCorr    .         Harm     .   (no gloves)
MR       .....                  (no boots)
Stlth    +.........             (no amulet)
HPRegen  0.11/turn              i - -2 ring of dexterity (curse)
MPRegen  0.09/turn              (no ring)

@: no status effects
A: horns 1, slimy green scales 1, powered by death 1
a: Renounce Religion


You were on level 3 of the Dungeon.
You worshipped Okawaru.
Okawaru was noncommittal.
You were not hungry.

You visited 1 branch of the dungeon, and saw 3 of its levels.

You collected 147 gold pieces.

Inventory:

Hand Weapons
 a - a +0 war axe (weapon)
 q - a cursed +0 blowgun
Missiles
 d - 3 throwing nets (quivered)
 r - 12 poisoned needles
Armour
 b - a +0 leather armour (worn)
 c - a +0 helmet
Jewellery
 i - a cursed -2 ring of dexterity (left hand)
Scrolls
 e - 2 scrolls of teleportation {unknown}
 h - a scroll of enchant armour {unknown}
 j - a scroll of blinking {unknown}
 l - 3 scrolls of identify {unknown}
 n - a scroll of remove curse {unknown}
 t - a scroll of fear {unknown}
Potions
 k - a potion of degeneration {unknown}
 m - a potion of haste {unknown}
 o - a potion of heal wounds {unknown}
 p - a potion of curing {unknown}
 s - a potion of might {unknown}
 v - a potion of mutation {unknown}
Comestibles
 f - 2 bread rations
 g - a royal jelly


   Skills:
 + Level 2.6 Fighting
 + Level 4.0 Axes
 + Level 1.9 Throwing
 + Level 1.5 Armour
 + Level 3.2 Dodging


You had 3 spell levels left.
You didn't know any spells.

Dungeon Overview and Level Annotations

Branches:
Dungeon (3/15)

Altars:
Elyvilon
Makhleb
Okawaru
Qazlal
Xom


Innate Abilities, Weirdness & Mutations

You have a pair of small horns on your head.
You are partially covered in slimy green scales. (AC +2)
You regenerate a little health from kills.


Message History

The gnoll closely misses you.
You closely miss the gnoll.
The gnoll is severely wounded.
The gnoll barely misses you. The gnoll completely misses you.
Your leather armour prevents you from hitting the gnoll.
The gnoll is severely wounded.
The gnoll barely misses you. The gnoll misses you.
You closely miss the gnoll.
You headbutt the gnoll, but do no damage.
The gnoll is severely wounded.
The gnoll barely misses you. The gnoll closely misses you.
The gnoll hits you from afar with a spear!
The gnoll hits you with a whip.
* * * LOW HITPOINT WARNING * * *
You barely miss the gnoll.
The gnoll is severely wounded.
The gnoll hits you from afar with a spear!
* * * LOW HITPOINT WARNING * * *
The gnoll hits you with a whip.
You die...

..........##...###
#.#.##.#
#.##.#.#.........###
#.#.>..#
#.##.#.#...........#
#.####.#
#................#.#
#.####.#
####.............# #
#......# #
#.>....##.....#
######## #
####.####...)## # #
#.......##.#.##g## #
#.......##...@g..# #
#.......###..###.# #
#.......# #..# #
#.......# #... #
#.......###.#.
#........##. .
##.#####(### .#
#####.#####.#
.........##.#


You could see 2 gnolls.

Vanquished Creatures
  A worker ant (D:3)
  Robin (D:2)
  A gnoll (D:3)
  An adder (D:2)
  2 worms
  2 dart slugs
  2 leopard geckos (D:2)
  An orc (D:3)
  A ball python (D:3)
  18 goblins
  5 hobgoblins
  2 jackals (D:1)
  5 kobolds
  A quokka (D:3)
  8 bats
  4 frilled lizards
  5 rats
60 creatures vanquished.

Notes
Turn   | Place    | Note
-------+----------+-------------------------------------------
     0 | D:1      | slep the Demonspawn Gladiator began the quest for the Orb.
     0 | D:1      | Reached XP level 1. HP: 16/16 MP: 1/1
   184 | D:1      | Gained mutation: You have a pair of small horns on your head. [demonic ancestry]
   184 | D:1      | Reached XP level 2. HP: 17/22 MP: 2/2
   291 | D:1      | Reached skill level 3 in Axes
   675 | D:2      | Gained mutation: You regenerate a little health from kills. [demonic ancestry]
   675 | D:2      | Reached XP level 3. HP: 24/27 MP: 3/3
   940 | D:2      | Found an iron altar of Okawaru.
   949 | D:2      | Became a worshipper of Warmaster Okawaru
   977 | D:2      | Noticed Robin
  1010 | D:2      | Reached skill level 1 in Armour
  1015 | D:2      | Killed Robin
  1015 | D:2      | Gained mutation: You are partially covered in slimy green scales. (AC +2) [demonic ancestry]
  1015 | D:2      | Reached XP level 4. HP: 33/34 MP: 4/4
  1065 | D:2      | Found a shimmering altar of Xom.
  1066 | D:2      | Found a white marble altar of Elyvilon.
  1067 | D:2      | Found a stormy altar of Qazlal.
  1068 | D:2      | Found a burning altar of Makhleb.
  2013 | D:3      | Reached skill level 4 in Axes
  2023 | D:3      | Slain by a gnoll

Vault maps used:
D:1:      scummos_arrival_forest
D:2:      chequers_temple_overflow_statue_of_worship, okawaru_metal_pillars_1_2,
          uniq_robin

Skill      XL: |  1  2  3  4 |
---------------+-------------+-----
Dodging        | 3 |  3.2
Axes           | 3 4 |  4.0
Armour         | 1 |  1.5
Fighting       | |  2.6
Throwing       | |  1.9

Action                   |  1- 3 |  4- 6 || total
-------------------------+-------+-------++-------
Melee: War axe           |   120 |    36 ||   156
       Headbutt          |    13 |     9 ||    22
  Use: Potion            |     1 |       ||     1
 Stab: Sleeping          |       |     1 ||     1
  Eat: Chunk             |       |     4 ||     4
Armor: Leather armour    |    53 |     3 ||    56
Dodge: Dodged            |   122 |    35 ||   157

Table legend:
 A = Spawn XP
 B = Non-spawn XP
 C = Spawn XP percentage of total XP
 D = Spawn monster count
 E = Non-spawn monster count
 F = Spawn count percentage of total count
 G = Total turns spent on level
                    A         B        C        D         E        F      G
               +---------+---------+-------+---------+---------+-------+---------
         Total |       0 |     182 |   0.0 |       0 |      60 |   0.0 |  2023
               +---------+---------+-------+---------+---------+-------+---------
           D:1 |       0 |      32 |   0.0 |       0 |      19 |   0.0 |   582
           D:2 |       0 |      83 |   0.0 |       0 |      31 |   0.0 |   754
           D:3 |       0 |      67 |   0.0 |       0 |      10 |   0.0 |   687
               +---------+---------+-------+---------+---------+-------+---------
